 Dungeon Crawl Stone Soup version 0.27-a0-1196-g3e9cee4cb2 (webtiles) character file.

Game seed: 11131426750780346521

5 Kold the Skirmisher (level 1, -2/18 HPs)
             Began as a Demonspawn Wanderer on May 27, 2021.
             Slain by a hobgoblin (4 damage)
             ... on level 1 of the Dungeon.
             The game lasted 00:00:49 (82 turns).

Kold the Skirmisher (Demonspawn Wanderer)             Turns: 82, Time: 00:00:49

Health: -2/18      AC:  2    Str: 14    XL:     1   Next: 66%
Magic:  1/1        EV: 12    Int:  9    God:
Gold:   0          SH:  0    Dex: 14    Spells: 0/0 levels left

rFire    . . .     SeeInvis .   a - +0 club
rCold    . . .     Faith    .   (no shield)
rNeg     . . .     Spirit   .   e - +0 robe
rPois    .         Reflect  .   (no helmet)
rElec    .         Harm     .   (no cloak)
rCorr    .         Rampage  .   (no gloves)
Will     .....                  (no boots)
Stlth    ++........             (no amulet)
HPRegen  0.06/turn              (no ring)
MPRegen  0.07/turn              (no ring)

@: no status effects
A: no striking features
a: no special abilities


You were on level 1 of the Dungeon.
You visited 1 branch of the dungeon, and saw 1 of its levels.

Inventory:

Hand Weapons
 a - a +0 club (weapon)
Armour
 e - a +0 robe (worn)
Scrolls
 c - a scroll of teleportation
 f - a scroll of fear
Potions
 b - a potion of heal wounds
Miscellaneous
 d - a piece from Xom's chessboard (4/15) (quivered)


   Skills:
 - Level 3.0 Fighting
 + Level 2.8 Dodging
 + Level 1.2 Stealth
 - Level 1.0 Unarmed Combat
 + Level 2.2 Evocations


You couldn't memorise any spells.
You didn't know any spells.
Your spell library was empty.

Dungeon Overview and Level Annotations

Branches:
Dungeon (1/15)

Altars:


Message History

The quokka is almost dead.
The helpless quokka fails to defend itself.
You hit the quokka.
You kill the quokka!
The rat is no longer paralysed.
The ball python seems to return to its normal shape.
You hit the rat but do no damage. The rat barely misses you.
Non-targeted evoke: piece from Xom's chessboard (9/15)
Press: ? - help, Q - select action Dir - look around, f - activate You make a move on Xom's chessboard...
Nothing appears to happen.
The rat misses you.
Non-targeted evoke: piece from Xom's chessboard (8/15)
Press: ? - help, Q - select action Dir - look around, f - activate You make a move on Xom's chessboard...
Nothing appears to happen.
The rat barely misses you.
Non-targeted evoke: piece from Xom's chessboard (7/15)
Press: ? - help, Q - select action Dir - look around, f - activate You make a move on Xom's chessboard...
The goblin suddenly stops moving!
The rat barely misses you.
Non-targeted evoke: piece from Xom's chessboard (6/15)
Press: ? - help, Q - select action Dir - look around, f - activate You make a move on Xom's chessboard...
The goblin appears confused.
The rat closely misses you.
You hit the rat.
You kill the rat!
Things that are here:
a +0 dagger; a rat corpse; a goblin corpse The helpless goblin fails to defend itself.
You hit the goblin.
You kill the goblin!
The quokka twitches its whiskers.
The ball python misses you. x2
Non-targeted evoke: piece from Xom's chessboard (5/15)
Press: ? - help, Q - select action Dir - look around, f - activate You make a move on Xom's chessboard...
The hobgoblin struggles to resist.
The hobgoblin is no longer petrified.
The hobgoblin closely misses you. The ball python bites you.
* * * LOW HITPOINT WARNING * * *
The ball python barely misses you. The hobgoblin hits you.
You die...

...... ..... ### . #...#
..# # ..###...##### # #.##
............###.## #.#
.........##.#.##..#### #..
.........##..#####...###..
..>....rg##..#..#.##.##.##
.......gS@..#.#..####..(##
........########## ######
......... .........
........# .........
......#


You could see a quokka, a hobgoblin (fast, strong), a goblin and a ball python.

Vanquished Creatures
  A bat (D:1)
  2 goblins (D:1)
  A quokka (D:1)
  A rat (D:1)
5 creatures vanquished.

Notes
Turn   | Place    | Note
-------+----------+-------------------------------------------
     0 | D:1      | Kold the Demonspawn Wanderer began the quest for the Orb.
     0 | D:1      | Kold set off with the following items: a +0 club, a potion
                  | of heal wounds, a scroll of teleportation, a piece from
                  | Xom's chessboard (15/15), a +0 robe, a scroll of fear
     0 | D:1      | Reached XP level 1. HP: 18/18 MP: 1/1
    82 | D:1      | Slain by a hobgoblin

Illustrated notes

Levels and vault maps discovered:
D:1:      dpeg_arrival_signposts, layout_basic, grunt_decor_resistance

Action                   || total
-------------------------++-------
Melee: Club              ||    25
Evoke: Piece from Xom's  ||    11
 Stab: Petrified         ||     9
       Petrifying        ||     1
       Paralysed         ||     1
Armor: Robe              ||     6
Dodge: Dodged            ||    28

Table legend: (Time is in decaauts)
 A = Elapsed time spent in this place.
 B = Non-inter-level travel time spent in this place.
 C = Inter-level travel time spent in this place.
 D = Time resting spent in this place.
 E = Time spent auto-exploring this place.
 F = Levels seen in this place.
 G = Mean time per level.
                   A        B        C        D        E       F      G
               +--------+--------+--------+--------+--------+-----+--------+
         Total |     89 |     89 |      0 |      0 |     39 |   1 |   89.0 |
       Dungeon |     89 |     89 |      0 |      0 |     39 |   1 |   89.0 |
               +--------+--------+--------+--------+--------+-----+--------+

Top non-repeatable levels by time:
     D:1: 89 daAuts
